NWL (28 & UNDER)
LA CROSSE LOGGERS @ MENLO MANIACS
09/02/2024
 
TOP OF THE 1ST
La Crosse Loggers batting - Pitching for Menlo Maniacs : RHP Manny Maldonado
Pitching: RHP Manny Maldonado
Batting: RHB James Jenkins 0-0: Fly out, F2 (Popup, 2RF)
Batting: LHB Oliver Beltrán 0-0: Called Strike
0-1: Swinging Strike
0-2: Strikes out swinging
Batting: RHB William Farmer 0-0: DOUBLE (Line Drive, 5D)
Batting: LHB Ricardo Ruíz 0-0: Ground out U3 (Groundball, 3L)
Top of the 1st over - 0 run(s), 1 hit(s), 0 error(s), 1 left on base; La Crosse 0 - Menlo 0
BOTTOM OF THE 1ST
Menlo Maniacs batting - Pitching for La Crosse Loggers : RHP Joshua Dixon
Pitching: RHP Joshua Dixon
Batting: LHB Warren Potter 0-0: Foul Ball, location: 2F
0-1: Ball
1-1: Foul Ball, location: 2F
1-2: Fly out, F7 (Flyball, 7LS)
Batting: LHB Ron McCoy 0-0: Ball
1-0: Ground out 4-3 (Groundball, 34)
Batting: LHB Roger Moore 0-0: Called Strike
0-1: Foul Ball, location: 2F
0-2: Ball
1-2: SINGLE (Line Drive, 8RS)
Batting: RHB Tom Meyer 0-0: Ball
1-0: Called Strike
1-1: Ball
Roger Moore steals 2nd base
2-1: Foul Ball, location: 2F
2-2: Foul Ball, location: 2F
2-2: Ball
3-2: SINGLE (Line Drive, 89M)
Roger Moore to third
Roger Moore scores
Batting: LHB Adam Lowe 0-0: Ball
1-0: Foul Ball, location: 2F
1-1: Ball
2-1: DOUBLE (Flyball, 78D)
Tom Meyer to third
Runner from 3rd tries for Home, SAFE, no throw or cutoff
Batting: LHB Arthur Hall 0-0: Ball
1-0: Called Strike
1-1: Ball
2-1: Ball
3-1: Foul Ball, location: 2F
3-2: Foul Ball, location: 2F
3-2: Base on Balls
Batting: RHB Steve Sampson 0-0: Called Strike
0-1: Called Strike
0-2: Ball
1-2: Foul Ball, location: 2F
1-2: Strikes out swinging
Bottom of the 1st over - 2 run(s), 3 hit(s), 0 error(s), 2 left on base; La Crosse 0 - Menlo 2
TOP OF THE 2ND
La Crosse Loggers batting - Pitching for Menlo Maniacs : RHP Manny Maldonado
Batting: LHB David Doyle 0-0: Ball
1-0: DOUBLE (Flyball, 8LD)
Batting: LHB Enrique Tirado 0-0: Fly out, F5 (Popup, 6)
Batting: RHB Jimmy Smith 0-0: Called Strike
David Doyle steals 3rd base
0-1: SINGLE (Line Drive, 8RS)
David Doyle scores
Batting: RHB Kirk Powell 0-0: Foul Ball, location: 2F
0-1: Called Strike
0-2: Ball
1-2: Fly out, F2 (Popup, 2L)
Batting: RHB José Ríos 0-0: Swinging Strike
0-1: Foul Ball, location: 2F
0-2: Ball
1-2: Strikes out looking
Top of the 2nd over - 1 run(s), 2 hit(s), 0 error(s), 1 left on base; La Crosse 1 - Menlo 2
BOTTOM OF THE 2ND
Menlo Maniacs batting - Pitching for La Crosse Loggers : RHP Joshua Dixon
Batting: RHB Chan-u O 0-0: Foul Ball, location: 2F
0-1: Ball
1-1: Ball
2-1: Foul Ball, location: 2F
2-2: Ball
3-2: Foul Ball, location: 2F
3-2: Base on Balls
Batting: SHB António Trinidad 0-0: Ball
1-0: Ball
2-0: Called Strike
2-1: Swinging Strike
2-2: Fly out, F6 (Popup, 6MS)
Batting: LHB Warren Potter 0-0: Ball
Chan-u O steals 2nd base
1-0: Foul Ball, location: 2F
1-1: Swinging Strike
1-2: Strikes out swinging
Batting: LHB Ron McCoy 0-0: Ball
1-0: Ball
2-0: Called Strike
2-1: Ball
3-1: Base on Balls
Batting: LHB Roger Moore 0-0: Called Strike
0-1: Ball
1-1: Called Strike
1-2: Ball
2-2: Foul Ball, location: 2F
2-2: Ball
3-2: Base on Balls
Chan-u O to third
Ron McCoy to second
Batting: RHB Tom Meyer 0-0: Ball
1-0: Foul Ball, location: 2F
1-1: Fly out, F9 (Flyball, 9D)
Bottom of the 2nd over - 0 run(s), 0 hit(s), 0 error(s), 3 left on base; La Crosse 1 - Menlo 2
TOP OF THE 3RD
La Crosse Loggers batting - Pitching for Menlo Maniacs : RHP Manny Maldonado
Batting: RHB James Jenkins 0-0: Called Strike
0-1: Fly out, F8 (Popup, 8RS)
Batting: LHB Oliver Beltrán 0-0: Ball
1-0: Called Strike
1-1: Foul Ball, location: 2F
1-2: Foul Ball, location: 2F
1-2: Ball
2-2: Foul Ball, location: 2F
2-2: Ball
3-2: Base on Balls
Batting: RHB William Farmer 0-0: Ball
1-0: Called Strike
1-1: SINGLE (Line Drive, 78M)
Oliver Beltrán to second
Batting: LHB Ricardo Ruíz 0-0: Called Strike
0-1: Foul Ball, location: 2F
0-2: Ball
1-2: Foul Ball, location: 2F
1-2: Ground out 3-1 (Groundball, 34)
Oliver Beltrán to third
William Farmer to second
Batting: LHB David Doyle 0-0: Fly out, F9 (Line Drive, 89M)
Top of the 3rd over - 0 run(s), 1 hit(s), 0 error(s), 2 left on base; La Crosse 1 - Menlo 2
BOTTOM OF THE 3RD
Menlo Maniacs batting - Pitching for La Crosse Loggers : RHP Joshua Dixon
Batting: LHB Adam Lowe 0-0: Ball
1-0: DOUBLE (Line Drive, 7D)
Batting: LHB Arthur Hall 0-0: SINGLE (Groundball, 56D) (infield hit)
Adam Lowe to third
Batting: RHB Steve Sampson 0-0: Swinging Strike
0-1: Ball
1-1: Ball
2-1: Grounds into double play, 6-4-3 (Groundball, 56)
Adam Lowe scores
Batting: RHB Chan-u O 0-0: Ball
1-0: Called Strike
1-1: SINGLE (Groundball, 6D)
Batting: SHB António Trinidad 0-0: Ball
1-0: Called Strike
1-1: Ball
2-1: Foul Ball, location: 2F
2-2: Strikes out swinging
Bottom of the 3rd over - 1 run(s), 3 hit(s), 0 error(s), 1 left on base; La Crosse 1 - Menlo 3
TOP OF THE 4TH
La Crosse Loggers batting - Pitching for Menlo Maniacs : RHP Manny Maldonado
Batting: LHB Enrique Tirado 0-0: Fly out, F8 (Flyball, 8RM)
Batting: RHB Jimmy Smith 0-0: Ball
1-0: Foul Ball, location: 2F
1-1: Ball
2-1: Ball
3-1: Foul Ball, location: 2F
3-2: Base on Balls
Batting: RHB Kirk Powell 0-0: Ball
Jimmy Smith steals 2nd base
1-0: Called Strike
1-1: Foul Ball, location: 2F
1-2: Foul Ball, location: 2F
1-2: Strikes out swinging
Batting: RHB José Ríos 0-0: Ball
1-0: Ball
2-0: Called Strike
2-1: Ball
3-1: Fly out, F8 (Flyball, 8RM)
Top of the 4th over - 0 run(s), 0 hit(s), 0 error(s), 1 left on base; La Crosse 1 - Menlo 3
BOTTOM OF THE 4TH
Menlo Maniacs batting - Pitching for La Crosse Loggers : RHP Joshua Dixon
Batting: LHB Warren Potter 0-0: Swinging Strike
0-1: Ball
1-1: Fly out, F7 (Flyball, 78M)
Batting: LHB Ron McCoy 0-0: Foul Ball, location: 2F
0-1: Foul Ball, location: 2F
0-2: Foul Ball, location: 2F
0-2: Ball
1-2: Foul Ball, location: 2F
1-2: Ball
2-2: Foul Ball, location: 2F
2-2: Foul Ball, location: 2F
2-2: Foul Ball, location: 2F
2-2: Ball
3-2: Base on Balls
Batting: LHB Roger Moore 0-0: Ball
1-0: Ball
2-0: Ball
3-0: Called Strike
3-1: Foul Ball, location: 2F
3-2: Foul Ball, location: 2F
3-2: Base on Balls
Ron McCoy to second
Pitching: RHP Jim Miller
Batting: RHB Tom Meyer 0-0: Called Strike
0-1: Called Strike
0-2: Ball
1-2: Ball
2-2: Ball
3-2: Base on Balls
Ron McCoy to third
Roger Moore to second
Batting: LHB Adam Lowe 0-0: Ball
1-0: Ball
2-0: Swinging Strike
2-1: Called Strike
2-2: Ball
3-2: Fly out, F5 (Line Drive, 5S)
Batting: LHB Arthur Hall 0-0: Ball
1-0: Ball
2-0: Swinging Strike
2-1: Swinging Strike
2-2: Strikes out looking
Bottom of the 4th over - 0 run(s), 0 hit(s), 0 error(s), 3 left on base; La Crosse 1 - Menlo 3
TOP OF THE 5TH
La Crosse Loggers batting - Pitching for Menlo Maniacs : RHP Manny Maldonado
Batting: RHB James Jenkins 0-0: Called Strike
0-1: Called Strike
0-2: Ball
1-2: Ball
2-2: Ball
3-2: Base on Balls
Batting: LHB Oliver Beltrán 0-0: Ball
1-0: Called Strike
1-1: Fly out, F3 (Line Drive, 3)
Batting: RHB William Farmer 0-0: Ball
1-0: Ball
2-0: Grounds into double play, 4-6-3 (Groundball, 4)
Top of the 5th over - 0 run(s), 0 hit(s), 0 error(s), 0 left on base; La Crosse 1 - Menlo 3
BOTTOM OF THE 5TH
Menlo Maniacs batting - Pitching for La Crosse Loggers : RHP Jim Miller
Batting: RHB Steve Sampson 0-0: Ball
1-0: Foul Ball, location: 2F
1-1: Ground out 5-3 (Groundball, 56S)
Batting: RHB Chan-u O 0-0: Ball
1-0: Ball
2-0: Ball
3-0: Base on Balls
Batting: SHB António Trinidad 0-0: Ball
1-0: Ball
2-0: Fly out, F8 (Line Drive, 8RM)
Batting: LHB Warren Potter 0-0: Called Strike
Pickoff Throw to First - Error! E1
Chan-u O to second
0-1: Ball
1-1: Ball
2-1: Foul Ball, location: 2F
2-2: Fly out, F6 (Line Drive, 6)
Bottom of the 5th over - 0 run(s), 0 hit(s), 1 error(s), 1 left on base; La Crosse 1 - Menlo 3
TOP OF THE 6TH
La Crosse Loggers batting - Pitching for Menlo Maniacs : RHP Manny Maldonado
Batting: LHB Ricardo Ruíz 0-0: Called Strike
0-1: Ball
1-1: Swinging Strike
1-2: Ground out U3 (Groundball, 3S)
Batting: LHB David Doyle 0-0: Swinging Strike
0-1: Swinging Strike
0-2: Strikes out swinging
Batting: LHB Enrique Tirado 0-0: Swinging Strike
0-1: Called Strike
0-2: Strikes out looking
Top of the 6th over - 0 run(s), 0 hit(s), 0 error(s), 0 left on base; La Crosse 1 - Menlo 3
BOTTOM OF THE 6TH
Menlo Maniacs batting - Pitching for La Crosse Loggers : RHP Jim Miller
Batting: LHB Ron McCoy 0-0: Foul Ball, location: 2F
0-1: Foul Ball, location: 2F
0-2: Ball
1-2: Foul Ball, location: 2F
1-2: Strikes out looking
Batting: LHB Roger Moore 0-0: Fly out, F9 (Flyball, 89S)
Batting: RHB Tom Meyer 0-0: Ground out 6-3 (Groundball, 56)
Bottom of the 6th over - 0 run(s), 0 hit(s), 0 error(s), 0 left on base; La Crosse 1 - Menlo 3
TOP OF THE 7TH
La Crosse Loggers batting - Pitching for Menlo Maniacs : RHP Manny Maldonado
Batting: RHB Jimmy Smith 0-0: Swinging Strike
0-1: Foul Ball, location: 2F
0-2: Ball
1-2: Ball
2-2: Foul Ball, location: 2F
2-2: Strikes out swinging
Batting: RHB Kirk Powell 0-0: SINGLE (Line Drive, 6D)
Batting: RHB José Ríos 0-0: Foul Ball, location: 2F
0-1: Fly out, F7 (Line Drive, 7S)
Batting: RHB James Jenkins 0-0: Ball
1-0: Called Strike
1-1: Ball
2-1: Ball
3-1: Foul Ball, location: 2F
3-2: Foul Ball, location: 2F
3-2: Base on Balls
Kirk Powell to second
Batting: LHB Oliver Beltrán 0-0: Foul Ball, location: 2F
0-1: Ball
1-1: Fly out, F9 (Flyball, 9M)
Top of the 7th over - 0 run(s), 1 hit(s), 0 error(s), 2 left on base; La Crosse 1 - Menlo 3
BOTTOM OF THE 7TH
Menlo Maniacs batting - Pitching for La Crosse Loggers : RHP Jim Miller
Pitching: LHP Jorge Martínez
Batting: LHB Adam Lowe 0-0: Ground out 5-3 (Groundball, 56S)
Batting: LHB Arthur Hall 0-0: Called Strike
0-1: Ball
1-1: Ball
2-1: Swinging Strike
2-2: Strikes out swinging
Batting: RHB Steve Sampson 0-0: Ground out 6-3 (Groundball, 6)
Bottom of the 7th over - 0 run(s), 0 hit(s), 0 error(s), 0 left on base; La Crosse 1 - Menlo 3
TOP OF THE 8TH
La Crosse Loggers batting - Pitching for Menlo Maniacs : RHP Manny Maldonado
Pitching: RHP Steve Standard
Now at SS: Jesús Cuevas
Batting: RHB William Farmer 0-0: Ball
1-0: Ball
2-0: Called Strike
2-1: Called Strike
2-2: Foul Ball, location: 2F
2-2: Foul Ball, location: 2F
2-2: Ball
3-2: SINGLE (Groundball, 56D) (infield hit)
Pitching: RHP Jorge Luna
Batting: LHB Ricardo Ruíz 0-0: Ball
1-0: Called Strike
1-1: Called Strike
1-2: Ball
2-2: Fly out, F8 (Flyball, 8LM)
Batting: LHB David Doyle 0-0: Ball
1-0: Ball
Wild Pitch!
William Farmer to second
2-0: Called Strike
2-1: Swinging Strike
2-2: Strikes out swinging
Batting: LHB Enrique Tirado 0-0: Called Strike
0-1: Foul Ball, location: 2F
0-2: Strikes out swinging
Top of the 8th over - 0 run(s), 1 hit(s), 0 error(s), 1 left on base; La Crosse 1 - Menlo 3
BOTTOM OF THE 8TH
Menlo Maniacs batting - Pitching for La Crosse Loggers : LHP Jorge Martínez
Batting: RHB Chan-u O 0-0: Called Strike
0-1: Hit by Pitch
Batting: SHB António Trinidad 0-0: Grounds into double play, 5-4-3 (Groundball, 5)
Batting: LHB Warren Potter 0-0: Called Strike
0-1: Swinging Strike
0-2: Ball
1-2: Foul Ball, location: 2F
1-2: Fly out, F7 (Flyball, 7LM)
Bottom of the 8th over - 0 run(s), 0 hit(s), 0 error(s), 0 left on base; La Crosse 1 - Menlo 3
TOP OF THE 9TH
La Crosse Loggers batting - Pitching for Menlo Maniacs : RHP Jorge Luna
Pitching: LHP Leo Huggins
Batting: RHB Jimmy Smith 0-0: Ball
1-0: SOLO HOME RUN (Flyball, 7LD), Distance : 352 ft
Batting: RHB Kirk Powell 0-0: Ball
1-0: Foul Ball, location: 2F
1-1: Fly out, F7 (Flyball, 7LSF)
Batting: RHB José Ríos 0-0: Fly out, F7 (Flyball, 78M)
Pinch Hitting: RHB Lloyd Harvey 0-0: Foul Ball, location: 2F
0-1: Foul Ball, location: 2F
0-2: Strikes out swinging
Top of the 9th over - 1 run(s), 1 hit(s), 0 error(s), 0 left on base; La Crosse 2 - Menlo 3
This league is powered by Out of the Park Baseball, the baseball management simulation game for PC, Mac and Linux
Saturday, April 9th, 2016 - OOTP Baseball 16.8 Build 38